Zazza, neutral female human Tourist ------ # |`...| ---- --------- ----- #......# |..| |........#####|...| #------# |..| |.......| #-...| ##o@ # ---- |.......| |...| # # #.........# ..|.|# # # #---------# ---|-# # # ## # # # # # # # # ### # # -------# # # # # # ### ----------- |.....|# # ----- # #### ### # # |.........| |.....-# # |[..| # #----+---------### |.........| |.....| ##-...| # #.............| # |.........| |.....| |....#### ----------# |............| ###|.........| |....>| |...| # |....<...|# #####+............| #|.........| ------- |....#####.........|# |............| ----------- |...| |........|# |............| ----- |.........# -------------- ---------- Zazza the Rambler Experience level: 1 Strength: 11 Dexterity: 12 Constitution: 14 Intelligence: 16 Wisdom: 8 Charisma: 18 Health: 0(14) Energy: 2(2) Def: 0 Gold: 1083 Moves: 2613 Dungeon seed: SkctR2TCtc4scjjg Game ID: Zazza_1619456537 Your Inventory: Coins $ - 1083 gold pieces Weapons a - 37 +2 darts (in quiver) x - 9 +0 darts H - 2 +0 orcish daggers I - 6 cursed -1 darts Armor e - an uncursed +0 Hawaiian shirt (being worn) q - an uncursed +0 leather jacket r - a blessed +0 orcish helm Comestibles b - an uncursed orange c - 7 uncursed food rations f - an uncursed sprig of wolfsbane G - an uncursed lichen corpse Scrolls k - a blessed scroll of magic mapping s - an uncursed scroll of light u - an uncursed scroll of earth z - an uncursed scroll of remove curse F - an uncursed scroll of fire Spellbooks y - an uncursed spellbook of cure sickness E - an uncursed spellbook of extra healing Potions i - 2 uncursed potions of extra healing A - an uncursed potion of gain ability Wands B - a wand of enlightenment (0:10) Tools l - an expensive camera (0:90) m - an uncursed credit card p - an uncursed tin opener t - an uncursed towel Gems n - an uncursed worthless piece of red glass Spells and supernatural/magical abilities: Name Level Category Fail Memory W - pray for help -- divine ? -- Your skills at the end: Fighting Skills Weapon Skills dart [Basic] Spellcasting Skills Final Attributes: You were aligned. You were telepathic. You were lucky. You are dead. Vanquished creatures: 2 floating eyes a kitten a kobold lord a giant bat 2 dwarf zombies a werejackal a red mold 4 gnomes a garter snake 5 geckos 8 jackals 2 foxes 2 sewer rats 7 grid bugs a bat 6 lichens 2 kobold zombies 5 newts 52 creatures vanquished. Voluntary challenges: You never hit with a wielded weapon. You read items or engraved 5 times, starting on turn 71. You never genocided any monsters. You never polymorphed an object. You never changed form. You used no wishes. You never split a pudding. You wrote Elbereth's name 2 times, starting on turn 1772. You never violated your personal moral code. Dungeon overview: The Dungeons of Doom: levels 1 to 7 Level 1 some fountains a long staircase Level 2 a fountain Level 3 a fountain Level 4 some fountains stairs to The Gnomish Mines Level 5 a fountain Level 6 a fountain Level 7 <- You were here The Gnomish Mines: levels 5 to 6 Level 5 stairs to The Dungeons of Doom Level 6 History has recorded: On T:1 you entered the Dungeons of Doom to retrieve the Amulet of Yendor! On T:50 you reached level 2 of The Dungeons of Doom. On T:599 you reached level 3 of The Dungeons of Doom. On T:1047 you reached level 4 of The Dungeons of Doom. On T:1487 you reached level 1 of The Gnomish Mines. On T:1543 you reached level 2 of The Gnomish Mines. On T:1589 you reached level 5 of The Dungeons of Doom. On T:2512 you reached level 7 of The Dungeons of Doom. Score breakdown: Gold: 528 ( 9264 points) Experience: 1 level ( 0 points) Exploration: 7 levels ( 14.58%) (10718 points) Discoveries: 1 item ( 0.34%) ( 1737 points) Valuables value: (no points given unless you survive) Artifact value: 0 ( 0 points) Variety of kills: 18 monsters ( 4.72%) ( 6520 points) Turncount: 2613 turns ( -395 points) Survival: died (score multiplied by 80%) Total score: 22275 Latest messages: You hear the footsteps of a guard on patrol. You displace your kitten. You miss the gnome. (2x) The gnome thrusts her dagger. The gnome hits! You displace your kitten. You hear some noises. The kitten is killed! You kill the gnome! You are hit by a crude dagger. H - a crude dagger. You miss the hill orc. The hill orc hits! The dart misses the hill orc. The dart hits the hill orc. The hill orc hits! You die... Final status: Aloha Zazza the Tourist, killed by a hill orc... You died in The Dungeons of Doom on dungeon level 7 with 22275 points, and 1083 pieces of gold, after 2613 moves. You were level 1 with a maximum of 14 hit points when you died.